[Event "Turkish Youth Championships 2023"]
[Site "Samsun"]
[Date "2023.05.22"]
[Round "6.8"]
[White "Binboga, Yaman"]
[Black "Demirbas, Emre"]
[Result "0-1"]
[WhiteElo "1653"]
[BlackElo "2013"]
[Annotator "TA"]
[PlyCount "76"]
[EventDate "2023.05.19"]
[EventType "swiss"]
[EventCountry "TUR"]
[TimeControl "5400+30"]

1. e4 c5 2. Nf3 e6 3. d4 cxd4 4. Nxd4 Nf6 5. Nc3 Nc6 6. Nxc6 bxc6 7. e5 Nd5 8. Ne4 Qc7 9. f4 Qb6 10. c4 Bb4+ 11. Ke2 f5 12. Nf2 Ba6 13. Kf3 Ne7 14. Be3 Bc5 15. Bxc5 {[%emt 0:00:30] B45: Sicilian Four Knights.} Qxc5 16. Qd6 Qb6 17. b3 {[%emt 0:00:00] White has an edge.} Nc8 18. Qa3 {[%emt 0:08:30] Hoping for c5.} Bb7 {[%emt 0:01:30] [#]} 19. Rd1 ({White should play} 19. Nd3 $1 $16) 19... Ne7 20. Qd6 {[%emt 0:01:30] [#]} Rd8 $146 ({Predecessor:} 20... c5+ 21. Kg3 Qxd6 22. exd6 Ng8 23. Nd3 Rc8 24. Kf2 Nf6 {½-½ Bujdak,P (2259)-Ploscaru,S (2275) SM-2020-0-00419}) 21. Nd3 Nc8 22. Qc5 d6 {[%emt 0:01:30] [#]} 23. exd6 Nxd6 24. Qxb6 axb6 25. c5 Ne4 26. cxb6 c5 {[%emt 0:01:30] And now ...Nc3+ would win.} 27. Ke3 Ke7 28. Be2 {[%emt 0:00:30] Black must now prevent Bf3.} Rd6 29. Ne5 {[%emt 0:08:00] aiming for Rxd6.} (29. Bf3 {simplifies} Rxb6 30. Bxe4 Bxe4 31. Nxc5 Bd5 32. Rd2) 29... Bd5 30. Nc4 ({White should try} 30. Bf3 $16) 30... Rc6 (30... Bxc4 $11 31. Bxc4 Rxb6) 31. a4 (31. Rc1 $14) 31... Bxc4 $1 $11 {[%emt 0:04:30][%mdl 64] Remove Defender} 32. Bxc4 {[%emt 0:00:30] Strongly threatening a5.} Rxb6 33. a5 Rb4 34. Rhe1 Ra8 35. Kd3 $2 (35. Ra1 $11) 35... Nf2+ $19 ({Not} 35... Rxa5 36. Ra1 Rxa1 37. Rxa1 $17) 36. Kc2 Nxd1 37. Rxe6+ Kd7 {[%emt 0:00:00][%cal Ob4c4] Threatens to win with ...Rxc4+!} 38. Re1 $2 (38. Re2) 38... Nf2 {Weighted Error Value: White=0.44/Black=0.12 (very precise)} 0-1

[Event "Turkish Youth Championships 2023"]
[Site "Samsun"]
[Date "2023.05.22"]
[Round "6.10"]
[White "Saka, Omer"]
[Black "Topaloglu, Mehmet Utkan"]
[Result "1/2-1/2"]
[WhiteElo "1843"]
[BlackElo "1511"]
[Annotator "COMBH"]
[PlyCount "90"]
[EventDate "2023.05.19"]
[EventType "swiss"]
[EventCountry "TUR"]
[TimeControl "5400+30"]

1. d4 Nf6 2. Nf3 e6 3. g3 b6 4. Bg2 Bb7 5. c4 Bb4+ 6. Bd2 Bxd2+ 7. Nbxd2 O-O 8. O-O d6 9. Qc2 Nbd7 10. e4 e5 11. d5 a5 12. b3 c6 13. dxc6 Bxc6 14. Rfd1 Nc5 15. Ne1 Qe7 16. f3 Rfd8 17. Bf1 Nfd7 18. Nb1 Nf8 19. Nc3 Nfe6 20. Qf2 Nd4 21. Nc2 Nxc2 22. Qxc2 Ne6 23. Qf2 Rab8 24. Rd2 f5 25. exf5 Nd4 26. Bg2 Nxf5 27. Re1 Qb7 28. f4 Bxg2 29. Qxg2 Qxg2+ 30. Kxg2 exf4 31. gxf4 Nh4+ 32. Kg3 Nf5+ 33. Kg4 Rf8 34. Ne4 Rbe8 35. Rde2 Re6 36. Ng3 Rg6+ 37. Kh3 Rh6+ 38. Kg2 Nh4+ 39. Kh1 Rxf4 40. Re8+ Rf8 41. Rxf8+ Kxf8 42. Rd1 Rf6 43. Kg1 Nf3+ 44. Kg2 Nh4+ 45. Kg1 Ke7 1/2-1/2

[Event "Turkish Youth Championships 2023"]
[Site "Samsun"]
[Date "2023.05.22"]
[Round "6.11"]
[White "Cicek, Bilal Emre"]
[Black "Dogan, Umut Anil"]
[Result "0-1"]
[WhiteElo "1600"]
[BlackElo "1857"]
[Annotator "COMBH"]
[PlyCount "66"]
[EventDate "2023.05.19"]
[EventType "swiss"]
[EventCountry "TUR"]
[TimeControl "5400+30"]

1. d4 Nf6 2. Nc3 d5 3. Bf4 e6 4. Nf3 Bd6 5. e3 a6 6. Bd3 c5 7. dxc5 Bxc5 8. O-O b5 9. e4 Bb7 10. e5 Nfd7 11. Ne2 Nc6 12. Ng3 g6 13. c3 Qc7 14. Re1 h6 15. h4 g5 16. hxg5 hxg5 17. Nxg5 Ndxe5 18. Rxe5 Nxe5 19. Qe2 Bd6 20. Re1 O-O-O 21. Bxe5 Bxe5 22. Nxf7 Qxf7 23. Qxe5 Rh6 24. a4 bxa4 25. Ra1 Rf8 26. Qe3 Rh4 27. Qc5+ Kb8 28. Re1 d4 29. f3 Rg8 30. Nf5 exf5 31. Re7 Rxg2+ 32. Kf1 Rh1+ 33. Kxg2 Qg6+ 0-1

[Event "Turkish Youth Championships 2023"]
[Site "Samsun"]
[Date "2023.05.22"]
[Round "6.12"]
[White "Sahbudak, Baris Cinar"]
[Black "Hasirci, Ozgur Deniz"]
[Result "0-1"]
[WhiteElo "1603"]
[BlackElo "1763"]
[Annotator "COMBH"]
[PlyCount "80"]
[EventDate "2023.05.19"]
[EventType "swiss"]
[EventCountry "TUR"]
[TimeControl "5400+30"]

1. e4 c5 2. Nc3 Nc6 3. f4 g6 4. Nf3 Bg7 5. Bb5 Nd4 6. O-O e6 7. Nxd4 cxd4 8. Ne2 Ne7 9. Kh1 O-O 10. c3 a6 11. Bd3 Nc6 12. b3 dxc3 13. dxc3 f5 14. e5 g5 15. Nd4 Ne7 16. Rf3 g4 17. Rf1 d6 18. Bc4 d5 19. Be2 Rf7 20. Ba3 Ng6 21. c4 Bf8 22. Bxf8 Nxf8 23. cxd5 Qxd5 24. Bc4 Qe4 25. Qd2 Rd7 26. Rfd1 b5 27. Bf1 Bb7 28. Qf2 Rad8 29. Qh4 Rxd4 30. Qg5+ Ng6 31. Qxd8+ Rxd8 32. Rxd8+ Nf8 33. Rb8 Bd5 34. Rc1 Qxf4 35. Rbc8 Bc4 36. Rd1 Bxf1 37. Rdd8 Be2 38. Rxf8+ Kg7 39. Rg8+ Kh6 40. h3 g3 0-1

[Event "Turkish Youth Championships 2023"]
[Site "Samsun"]
[Date "2023.05.22"]
[Round "6.15"]
[White "Biyiksiz, Ali Batuhan"]
[Black "Adali, Umut"]
[Result "1-0"]
[WhiteElo "2107"]
[BlackElo "1441"]
[Annotator "TA"]
[PlyCount "135"]
[EventDate "2023.05.19"]
[EventType "swiss"]
[EventCountry "TUR"]
[TimeControl "5400+30"]

1. e4 e5 2. Nf3 Nc6 3. Bb5 a6 4. Ba4 Nf6 5. d3 b5 6. Bb3 Be7 7. O-O d6 8. h3 O-O 9. c3 Na5 10. Bc2 c5 11. Nbd2 Re8 12. Re1 Bb7 13. Nf1 Bf8 14. Ng3 (14. Bg5 $14) 14... d5 {[%emt 0:00:00] C92: Closed Ruy Lopez: 9...Be6, Karpov and Flohr-Zaitsev Variations.} 15. Qe2 {[%emt 0:01:30] [#]} Qd7 $146 ({Predecessor:} 15... Qb6 16. Nh4 g6 17. Qf3 c4 18. Bg5 cxd3 19. Bxd3 Nxe4 20. Nxe4 dxe4 21. Bxe4 Bxe4 22. Rxe4 {0-1 Diaz Perez,M (2433)-Kamsky,G (2666) Titled Tuesday intern op 16th Aug Late blitz 2022 (2)}) 16. Bg5 {[%emt 0:00:30] And now Bxf6 would win.} Qc6 {[%emt 0:01:30] The position is equal.} 17. Qf1 (17. Bxf6 $14 Qxf6 18. exd5) 17... h6 $11 18. Bc1 c4 (18... Rad8 $15) 19. d4 exd4 {[%emt 0:03:30] ...d3 would be deadly.} 20. Nxd4 (20. e5 $5 d3 21. Nd4 $11) 20... Qc7 21. exd5 Bxd5 22. Bd2 Bc5 23. Ngf5 Bxd4 24. Nxd4 Nc6 25. Be3 Be4 26. Bxe4 Nxe4 27. Qe2 Nf6 28. Qf3 Ne5 29. Qg3 {[%emt 0:00:30][%cal Oe3f4] Hoping for Bf4!} Ne4 30. Qh2 ({Better is} 30. Qf4 $11 Nd6 31. Qg3) 30... Qd7 31. f3 Nf6 {[%emt 0:06:30] Excellent horsemanship.} (31... Nc5 $5 ) 32. Qg3 $2 {[%emt 0:12:30] [#]} (32. Bxh6 $1 $11 {and White is okay.} Nd3 33. Rxe8+ (33. Qg3 $2 Rxe1+ 34. Rxe1 Nh5 $17) 33... Nxe8 34. Qg3) 32... Ng6 $2 (32... Nd3 $1 $19 33. Re2 (33. Bxh6 $2 Rxe1+ 34. Rxe1 Nh5 $19) 33... Kh7) 33. Bd2 Rad8 34. a3 Qd6 35. Rxe8+ Nxe8 36. Qxd6 Rxd6 37. Be3 Nf6 38. a4 Nd5 39. Bd2 (39. axb5 $5 axb5 40. Nxb5 $11) 39... b4 40. cxb4 $16 {[%emt 0:00:30] Black is now going downhill.} Ndf4 {[%emt 0:00:00] [#]} (40... Nxb4 $16 {keeps fighting.} 41. Bxb4 Rxd4) 41. Bc3 $1 $18 Rxd4 $2 (41... Ne7 42. Kh2 Nfd5) 42. Bxd4 {[%emt 0:00:30][%mdl 4096] Endgame KRB-KNN} Ne2+ 43. Kf2 Nxd4 44. Rd1 Nc2 (44... Ne6 45. b5 axb5) 45. b5 axb5 46. axb5 Nf4 (46... Kf8 $142 47. b6 Nb4) 47. b6 {[%emt 0:00:30] Threatens to win with b7.} Nb4 48. b7 Nc6 {[%emt 0:00:30] [#]} 49. Rd8+ $3 {[%emt 0:00:30][%mdl 576] Decoy, Promotion} Nxd8 (49... Kh7 50. Ke3) 50. b8=Q ({Inferior is} 50. b8=R Nfe6 $11) 50... Nfe6 51. Qc8 Kh7 52. Qxc4 g6 53. b4 Kg7 54. b5 Nb7 55. b6 Ned8 56. Qc7 Kf6 57. f4 Kg7 58. g4 {[%emt 0:00:30] aiming for Qe7.} Kh7 59. f5 g5 60. Ke3 Kg7 61. Ke4 Kh7 62. Ke5 Kg7 63. Qd7 Kh7 64. Kf6 Kg8 65. Qe8+ Kh7 66. Qf8 {[%emt 0:00:30][%csl Gf6][%cal Rf8g7] White mates.} Ne6 67. fxe6 fxe6 68. Qg7# {[%emt 0:00:00] Weighted Error Value: White=0.24 (precise) /Black=0.39} 1-0

[Event "Turkish Youth Championships 2023"]
[Site "Samsun"]
[Date "2023.05.22"]
[Round "6.17"]
[White "Yildiz, Elif Zeren"]
[Black "Tonoglu, Engin Erdem"]
[Result "1-0"]
[WhiteElo "1722"]
[BlackElo "1404"]
[Annotator "COMBH"]
[PlyCount "87"]
[EventDate "2023.05.19"]
[EventType "swiss"]
[EventCountry "TUR"]
[TimeControl "5400+30"]
[BlackClock "0:00:19"]

1. e4 e5 2. Nf3 Nc6 3. Bc4 Bc5 4. O-O d6 5. c3 Bg4 6. b4 Bb6 7. a4 a6 8. d3 Qf6 9. Bg5 Qg6 10. Nbd2 h6 11. Be3 Bxe3 12. fxe3 Nf6 13. Qe1 h5 14. Qh4 Nh7 15. Rae1 Be6 16. d4 Bxc4 17. Nxc4 f6 18. Ncd2 Qg4 19. Qf2 g5 20. Kh1 Qd7 21. Qe2 Ne7 22. dxe5 dxe5 23. Nxe5 fxe5 24. Qxh5+ Kd8 25. Nc4 Qe8 26. Rd1+ Kc8 27. Qg4+ Kb8 28. Nxe5 Ng6 29. Nd7+ Ka7 30. Qf5 Rc8 31. b5 Nhf8 32. Nf6 Qe5 33. Ng4 Qe6 34. bxa6 b6 35. a5 Nh4 36. axb6+ cxb6 37. Qxg5 Rg8 38. Qxh4 Rxg4 39. Qh5 Qxe4 40. Qf7+ Kxa6 41. Qa2+ Kb7 42. Rd4 Qg6 43. Rf7+ Rc7 44. Rxf8 1-0

[Event "Turkish Youth Championships 2023"]
[Site "Samsun"]
[Date "2023.05.22"]
[Round "6.19"]
[White "Yilmaz, Oguz"]
[Black "Turker, Esat Tuna"]
[Result "0-1"]
[WhiteElo "1520"]
[BlackElo "1713"]
[Annotator "COMBH"]
[PlyCount "82"]
[EventDate "2023.05.19"]
[EventType "swiss"]
[EventCountry "TUR"]
[TimeControl "5400+30"]
[WhiteClock "0:00:55"]

1. e4 c5 2. Nf3 a6 3. c3 e6 4. d4 d5 5. e5 Bd7 6. a4 Nc6 7. Be2 Qb6 8. O-O Nge7 9. Na3 h5 10. Rb1 Nf5 11. Be3 Nxe3 12. fxe3 Be7 13. Kh1 h4 14. Qd2 Nd8 15. e4 h3 16. g3 Bc6 17. Qe3 dxe4 18. Nd2 Bd5 19. Nxe4 Nc6 20. Nc2 cxd4 21. cxd4 Nxe5 22. Kg1 Ng6 23. b4 O-O 24. Nc3 Bg2 25. Rf2 Rad8 26. Bf3 Bxf3 27. Rxf3 Bf6 28. a5 Qc6 29. Rbf1 Be7 30. R1f2 Qc4 31. Na4 Bxb4 32. Nb6 Qb5 33. Nxb4 Qxb4 34. d5 exd5 35. Qg5 Qe7 36. Qh5 Qe1+ 37. Rf1 Qxa5 38. Nc4 Qc5+ 39. Ne3 Rde8 40. Qg5 Re5 41. Rf5 Qxe3+ 0-1

[Event "Turkish Youth Championships 2023"]
[Site "Samsun"]
[Date "2023.05.22"]
[Round "6.20"]
[White "Yilmaz, Atakan"]
[Black "Alagoz, Zumra Meryem"]
[Result "1/2-1/2"]
[WhiteElo "1446"]
[BlackElo "1699"]
[Annotator "COMBH"]
[PlyCount "121"]
[EventDate "2023.05.19"]
[EventType "swiss"]
[EventCountry "TUR"]
[TimeControl "5400+30"]
[BlackClock "0:02:29"]

1. e4 e6 2. d4 d5 3. exd5 exd5 4. Bd3 Nc6 5. Ne2 Bg4 6. c3 Bd6 7. f3 Be6 8. Bf4 Qd7 9. Bxd6 Qxd6 10. Nd2 Nge7 11. Qc2 O-O-O 12. O-O-O h5 13. g3 g6 14. Nf4 Bf5 15. Ng2 Bxd3 16. Qxd3 Nf5 17. f4 Na5 18. Rde1 Rhe8 19. Ne3 Nxe3 20. Rxe3 Re6 21. Rhe1 Rde8 22. b3 Nc6 23. Nf3 Rxe3 24. Rxe3 Rxe3 25. Qxe3 Qe7 26. Qd3 a6 27. Ne5 Nxe5 28. dxe5 Qc5 29. h4 Qg1+ 30. Kb2 c6 31. b4 Kd7 32. c4 Ke6 33. cxd5+ cxd5 34. Qc3 Qf2+ 35. Kb3 Kf5 36. Qd3+ Ke6 37. a4 Qe1 38. b5 axb5 39. axb5 Qa5 40. Qe2 Qb6 41. g4 Qd4 42. f5+ gxf5 43. gxf5+ Kxf5 44. Qxh5+ Ke6 45. Qh8 Qxe5 46. Qc8+ Kf6 47. Qxb7 Qe3+ 48. Kb4 d4 49. Qc6+ Kg7 50. b6 d3 51. b7 Qf4+ 52. Ka5 d2 53. Qc3+ Kh6 54. Qc2 Qd4 55. b8=Q d1=Q 56. Qf8+ Kh5 57. Qh7+ Kg4 58. Qfg8+ Kh3 59. Qc8+ Q1g4 60. Qxg4+ Kxg4 61. Qxf7 1/2-1/2

[Event "Turkish Youth Championships 2023"]
[Site "Samsun"]
[Date "2023.05.23"]
[Round "7.1"]
[White "Engin, Onur Cinar"]
[Black "Isik, Alparslan"]
[Result "1/2-1/2"]
[ECO "B22"]
[WhiteElo "1922"]
[BlackElo "2451"]
[Annotator "TA"]
[PlyCount "108"]
[EventDate "2023.05.19"]
[EventType "swiss"]
[EventCountry "TUR"]
[SourceTitle "playchess.com"]
[Source "ChessBase"]
[SourceQuality "1"]
[TimeControl "5400+30"]

1. e4 c5 2. c3 Nf6 3. e5 Nd5 4. Nf3 Nc6 5. d4 cxd4 6. cxd4 d6 7. Bc4 dxe5 8. Nxe5 e6 9. O-O Be7 {[%emt 0:00:00][%cal Bf8e7,Be7f6,Bf6e5][%mdl 32] B22: Sicilian: 2 c3.} 10. Qg4 O-O 11. Rd1 Bf6 12. Nxc6 bxc6 {[%emt 0:00:00] [#]} 13. Nc3 $146 ({Predecessor:} 13. Qe4 Bb7 14. Qe2 c5 15. dxc5 Qa5 16. Bxd5 exd5 17. Nc3 Qxc5 18. Qb5 Qxb5 19. Nxb5 {½-½ Van der Lende,I (2350)-Stella,A (2511) Andorra op 37th 2019 (6)}) 13... e5 14. Qf3 Nxc3 15. bxc3 {[%emt 0:01:30] And now dxe5 would win.} Qa5 16. dxe5 ({Much worse is} 16. Qxc6 Bg4 17. Be3 (17. f3 Rac8 $17) 17... Bxd1 18. Rxd1 Rac8 $17) 16... Bxe5 17. Bf4 ({Reject} 17. Qxc6 Bg4 18. Bxf7+ Kh8 $17) 17... Qxc3 (17... Bxf4 {simplifies} 18. Qxf4 Bf5 19. Qf3 Rae8) 18. Qxc6 Be6 {[%emt 0:24:30] [#]} (18... Bg4 $11 19. Bxe5 Qxe5) 19. Rac1 $1 $36 {[%emt 0:06:30][%mdl 2048] White is in control.} Rac8 {[%emt 0:05:30] [#]} (19... Qa5 $142 20. Bd2 Qb6 21. Bxe6 fxe6) 20. Qxe6 $3 fxe6 21. Rxc3 Bxc3 22. Bxe6+ {[%emt 0:00:30] A strong pair of Bishops.} Kh8 {[%emt 0:00:00] ...Rce8 is the strong threat.} 23. Bxc8 Rxc8 $18 {[%emt 0:00:00][%mdl 4096] Endgame KRB-KRB} 24. Rb1 Kg8 25. Kf1 Bd4 {[%emt 0:06:30] [#]} 26. Rb8 $1 Rxb8 27. Bxb8 {[%emt 0:00:30] KB-KB} Kf7 28. Ke2 Ke6 29. f3 h5 30. Kd3 Kd5 31. Bf4 a6 32. h4 (32. h3 $16) 32... g6 $14 33. g4 Bf6 34. gxh5 gxh5 35. Bg5 Bd4 36. f4 Bg7 37. Bd8 Bh8 38. f5 Ke5 39. f6 {[%emt 0:00:01][%mdl 64] Deflection} Bxf6 40. Bxf6+ Kxf6 $11 {[%emt 0:00:30] KPP-KPP} 41. Ke4 a5 42. Kf4 a4 43. a3 Ke6 44. Kg5 Ke5 45. Kg6 Ke6 46. Kxh5 {[%emt 0:00:30] White wants to mate with Kg6. KPP-KP} Kf5 47. Kh6 Kf6 $1 {[%emt 0:00:12] The position is equal.} 48. h5 Kf7 $1 49. Kg5 Kg7 50. Kf4 Kh6 51. Ke4 Kxh5 52. Kd4 Kg6 53. Kc5 Kf7 54. Kb4 Ke8 {[%emt 0:00:00] Black defended with fortune.   Weighted Error Value: White=0.06 (flawless) /Black=0.15 (very precise)} 1/2-1/2

[Event "Turkish Youth Championships 2023"]
[Site "Samsun"]
[Date "2023.05.23"]
[Round "7.2"]
[White "Akbas, Umut Ata"]
[Black "Tarlabasi, Emirhan"]
[Result "0-1"]
[ECO "D02"]
[WhiteElo "2417"]
[BlackElo "2300"]
[Annotator "TA"]
[PlyCount "92"]
[EventDate "2023.05.19"]
[EventType "swiss"]
[EventCountry "TUR"]
[SourceTitle "playchess.com"]
[Source "ChessBase"]
[SourceQuality "1"]
[TimeControl "5400+30"]

1. d4 d5 2. Nf3 Nf6 3. Bf4 e6 4. e3 c5 5. Nbd2 Bd6 6. dxc5 {[%emt 0:00:00] D02: 1 d4 d5 2 Nf3 sidelines, including 2...Nf6 3 g3 and 2...Nf6 3 Bf4.} Bxc5 7. c4 O-O 8. Be2 {[%emt 0:00:30] The position is equal.} b6 9. O-O Bb7 10. a3 {[%emt 0:01:30] [#]} Nbd7 $146 ({Predecessor:} 10... Nc6 11. b4 Be7 12. Qb3 a5 13. b5 a4 14. Qb2 Na5 15. Rfd1 Nd7 16. Rac1 Bf6 {1-0 Wojtaszek,R (2696)-Gelfand,B (2668) Julius Baer GenCup Prelim rapid 2022 (9)}) 11. cxd5 Nxd5 12. Bg3 Be7 13. Rc1 Rc8 14. Nc4 N7f6 15. Nfd2 b5 16. Ne5 a6 17. a4 Rxc1 18. Qxc1 Qb6 {[%emt 0:04:30][%cal Od5e3] And now ...Nxe3! would win.} 19. axb5 axb5 20. Bf3 Rc8 21. Qb1 Nb4 22. Ne4 Nfd5 23. h4 (23. Rd1 $11) 23... f6 $1 $17 24. Nd3 Nxd3 (24... Nxe3 $1 $17 25. Nxf6+ gxf6 26. fxe3 Be4 {[%mdl 64] Decoy} 27. Bxe4 Qxe3+ 28. Kh2 Qxe4 29. Nxb4 Qxb1 30. Rxb1 Bxb4) 25. Qxd3 $11 b4 {[%emt 0:01:26] Strongly threatening ...Ba6.} 26. Ra1 {[%emt 0:02:30] Repels Ba6} f5 27. Nd2 Bf6 28. Ra2 Qc5 29. b3 Qc3 30. Qb5 Bc6 (30... Qc1+ {is interesting.} 31. Kh2 Bc6 32. Qc4 Qxc4 33. Nxc4 Nc3) 31. Qf1 h6 32. Be2 (32. e4 $11 {remains equal.} Ne7 33. Qe2) 32... Qc5 $1 $17 {[%emt 0:04:44] Black is much more active.} 33. Bc4 Re8 34. Qd3 (34. Ra6 $11 {was preferrable.}) 34... Kh8 ({Black should play} 34... Rd8 $1 $17 {White must now prevent ...Nc3.} 35. Qc2 Nc3) 35. Ra6 $2 {[%emt 0:00:00] [#]} (35. Nf3 $1 $11) 35... Rd8 $1 $19 36. Qe2 (36. e4 $142 Nc7 {[%mdl 64] Discovered Attack} 37. Rxc6 Qxc6 38. Qe2) 36... Nc3 37. Qe1 e5 38. Ra1 Qd6 39. Nf3 f4 40. Bh2 Bxf3 41. gxf3 Bxh4 42. exf4 exf4 {[%emt 0:00:58] ...Nd1 is the strong threat.} 43. Ra6 {[%emt 0:00:13] [#]} Qc7 ({Better is} 43... Qc5 $1 $19 {( -> ...Rd1)} 44. Ra1 Bg3) 44. Qe6 $2 (44. Kg2 $11 {and White has nothing to worry.}) 44... Qc5 45. Kg2 (45. Qg4 $19 Qxf2+ 46. Kh1) 45... Qxf2+ 46. Kh3 Qxf3+ {[%emt 0:00:00] An entertaining game by Tarlabasi.   Weighted Error Value: White=0.52/Black=0.16 (very precise)} 0-1

[Event "Turkish Youth Championships 2023"]
[Site "Samsun"]
[Date "2023.05.23"]
[Round "7.3"]
[White "Cilek, Bora"]
[Black "Demirbas, Emre"]
[Result "1/2-1/2"]
[ECO "A07"]
[WhiteElo "2285"]
[BlackElo "2013"]
[Annotator "TA"]
[PlyCount "63"]
[EventDate "2023.05.19"]
[EventType "swiss"]
[EventCountry "TUR"]
[SourceTitle "playchess.com"]
[Source "ChessBase"]
[SourceQuality "1"]
[TimeControl "5400+30"]

1. Nf3 d5 2. g3 Bg4 3. Bg2 Nd7 4. c4 e6 5. cxd5 exd5 6. d3 {[%emt 0:00:30] A07: Réti Opening: New York and Capablanca Systems.} Ngf6 7. O-O Be7 8. Nc3 O-O 9. Qc2 Nc5 10. h3 {[%emt 0:05:30] [#]} Bh5 $146 ({Black should try} 10... Bxf3 $11 11. Bxf3 c6) ({Predecessor:} 10... Be6 11. Nd4 Qd7 12. Kh2 c6 13. f4 g6 14. b4 Na6 15. a3 c5 16. bxc5 Bxc5 {1-0 Dinh,D (2380)-Ngo,N (2325) VIE-ch playoff 2003 (13)}) 11. Nd4 (11. Ne5 $14) 11... Bg6 12. b4 Ne6 13. Nxe6 fxe6 14. Qb3 Bf7 15. d4 Qd6 (15... c6 $5 ) 16. a3 e5 17. dxe5 Qxe5 18. Bf4 {[%emt 0:00:30] Against d4} Qf5 19. Nb5 (19. Bxc7 $2 {loses.} d4 20. Qb1 Qd7 $19) 19... c6 20. Nd4 Qd7 21. Rad1 Bd6 (21... Ne4 {feels hotter.} 22. g4 Bg6 23. Be5 a5) 22. Bxd6 {[%emt 0:06:30] The position is equal.} Qxd6 23. Qc3 Bg6 24. Qc5 Qxc5 25. bxc5 Nd7 26. Rc1 Rae8 27. Rc3 Re7 28. Rfc1 Ne5 29. Re3 {[%emt 0:05:55] [#] Black must now prevent f4.} Rff7 30. Bf1 Nc4 31. Rxe7 Rxe7 32. e3 {[%emt 0:00:08] Not much happened in this game.   Weighted Error Value: White=0.09 (flawless) /Black=0.11 (very precise)} 1/2-1/2

[Event "Turkish Youth Championships 2023"]
[Site "Samsun"]
[Date "2023.05.23"]
[Round "7.4"]
[White "Dogan, Umut Anil"]
[Black "Angun, Batu"]
[Result "0-1"]
[WhiteElo "1857"]
[BlackElo "2205"]
[PlyCount "70"]
[EventDate "2023.05.19"]
[EventType "swiss"]
[EventCountry "TUR"]
[TimeControl "5400+30"]
[WhiteClock "0:01:15"]

1. d4 Nf6 2. Bg5 d5 3. Bxf6 exf6 4. e3 Bd6 5. g3 h5 6. h4 c6 7. Bg2 Bg4 8. Ne2 Qe7 9. Nd2 Nd7 10. a3 O-O 11. c4 Rfe8 12. Nf3 dxc4 13. Rc1 Nb6 14. O-O Rad8 15. Nh2 Bf5 16. Nc3 Bd3 17. Re1 g6 18. Bf1 Bxf1 19. Nxf1 Nd5 20. Nd2 Nxc3 21. Rxc3 b5 22. b3 Bxa3 23. bxc4 Bb4 24. Rc1 c5 25. cxb5 cxd4 26. e4 Qb7 27. Ra1 d3 28. Ra4 Qxb5 29. Rxa7 Qc5 30. Ra2 f5 31. exf5 Qd5 32. Ra4 Bxd2 33. Qxd2 Rxe1+ 34. Qxe1 d2 35. Qd1 Re8 0-1

[Event "Turkish Youth Championships 2023"]
[Site "Samsun"]
[Date "2023.05.23"]
[Round "7.5"]
[White "Isilak, Enes"]
[Black "Hasirci, Ozgur Deniz"]
[Result "1-0"]
[ECO "E05"]
[WhiteElo "2181"]
[BlackElo "1763"]
[Annotator "TA"]
[PlyCount "145"]
[EventDate "2023.05.19"]
[EventType "swiss"]
[EventCountry "TUR"]
[SourceTitle "playchess.com"]
[Source "ChessBase"]
[SourceQuality "1"]
[TimeControl "5400+30"]

1. d4 Nf6 2. c4 e6 3. g3 Be7 4. Bg2 d5 5. Nf3 O-O 6. O-O dxc4 7. Qc2 b5 8. a4 $1 {[%emt 0:08:30] E05: Open Catalan: 5 Nf3 Be7.} b4 {[%emt 0:00:00] 8...Bb7 is the modern continuation.} 9. Ne5 (9. Nfd2 $5 c6 10. Nxc4 $11) 9... Qxd4 $1 10. Nxc4 {[%emt 0:02:30] The position is equal.} Nd5 11. Be3 (11. Rd1 $5 Qc5 12. Be3 Nxe3 13. Nxe3 $11) 11... Qf6 {[%emt 0:04:30] [#]} 12. h4 $146 (12. Nbd2 $11) ({Predecessor:} 12. Nbd2 Ba6 13. Be4 g6 14. Bh6 Re8 15. Ne3 c6 16. Nf3 Nd7 17. Ng4 {0-1 Stoyanov,S (2217)-Nikolov,M (2480) BUL-ch Sofia 2023 (5)}) 12... h6 $15 13. Rd1 c5 {[%emt 0:08:30] Inhibits Bd4.} 14. Bc1 (14. Nbd2 $11) 14... Nc6 $17 {[%emt 0:07:30] And now ...Nd4 would win.} 15. e4 Qg6 16. h5 Qh7 17. Qe2 Nf6 18. e5 {[%emt 0:01:25] [#]} Nd5 19. Be4 Qh8 20. Nbd2 (20. Be3 $142) 20... Nd4 21. Qd3 Ba6 $1 22. b3 (22. Nb3 $17 {might work better.}) 22... Rad8 23. Bb2 {[%emt 0:00:26] [#] Prevents Nc3} Nc3 $1 24. Bxc3 (24. Qe3 Nde2+) 24... bxc3 25. Nf3 Nxb3 {[%emt 0:00:00][%mdl 64] Discovered Attack} 26. Qxc3 Nxa1 27. Rxa1 {[%emt 0:00:18] [#]} g6 $1 28. hxg6 (28. Na5 f5) 28... fxg6 {[%emt 0:00:05][%cal Bf7g6,Bg6g5,Bg5g4][%mdl 32] Strongly threatening ...h5.} 29. Rc1 (29. Na5 {keeps fighting.}) 29... g5 {[%emt 0:07:14] aiming for ...g4.} 30. Qa5 $2 (30. Na5) 30... Bxc4 $19 31. Rxc4 g4 32. Qa6 Rd1+ (32... gxf3 33. Qxe6+ Rf7 34. Bg6 $14) 33. Kh2 Qg7 {[%emt 0:01:03] Threatens to win with ...Qf7.} (33... gxf3 $2 34. Qxe6+ Rf7 35. Bg6 $18) 34. Qxe6+ Kh8 35. Bc2 {[%emt 0:00:00] [#]} Ra1 $2 (35... Rf1 36. Kg2 $11) (35... Rc1 $1 $19 36. Rxg4 Rxf3) 36. Rxg4 $16 {[%emt 0:00:40] White is more active.} Bg5 {[%emt 0:00:03] [#]} ({Black should play} 36... Rxf3 37. Kg2 (37. Rxg7 $2 Rxf2+ 38. Kh3 Rh1+ 39. Kg4 h5#) 37... Rxf2+ 38. Kxf2 Bg5) 37. Rxg5 hxg5 $4 (37... Qxg5 $11 {and Black stays safe.} 38. Kg2 (38. Nxg5 $2 {is a self mate.} Rxf2+ 39. Kh3 Rh1+ 40. Kg4 h5#) 38... Qc1) 38. Qh3+ $18 Kg8 39. Bb3+ Rf7 40. Qc8+ (40. Bxf7+ Kxf7 41. Qd7+ Kg6 42. Qd3+ Kh6 $14) 40... Qf8 41. Bxf7+ Kxf7 42. Nxg5+ {[%emt 0:00:18][%mdl 4096] Endgame KQR-KQN} Ke7 43. Qxc5+ Ke8 44. Qc6+ ({Not} 44. Qxa7 Qh8+ 45. Nh3 Qxe5 $16) 44... Ke7 45. Qd6+ Ke8 46. Qb8+ Ke7 47. Qxa7+ Ke8 48. Qb8+ (48. Qa8+ $142 Ke7 49. Qb7+ Ke8 50. Qb8+ Ke7 51. Qd6+ Ke8 52. Qc6+ Ke7 53. Qd6+ Ke8 54. Qc6+ Ke7 55. Qd6+) 48... Ke7 49. Qb7+ Ke8 50. Qc8+ (50. Qc6+ $142 Ke7 51. Qd6+ Ke8 52. Qg6+ Ke7 53. Qh7+ Ke8 54. Ne4) 50... Ke7 51. Qxf8+ Kxf8 {[%emt 0:00:09] KR-KN} 52. f4 {[%emt 0:00:15][%cal Bf2f4,Bf4f5][%mdl 32] Kh3 would be deadly.} Rxa4 53. Kh3 Kg7 54. Kg4 {[%emt 0:00:00] Kf5 is the strong threat.} Kg6 55. Nf3 Ra3 56. Nh4+ Kf7 57. f5 {[%emt 0:00:47] White mates.} Ra5 58. Ng6 Ra3 59. Kh4 Rf3 60. g4 Ra3 61. Kg5 Ra5 62. e6+ Kg7 63. Nf4 Ra4 64. Nh5+ Kf8 65. Kf6 Ra7 66. g5 Rf7+ 67. Kg6 Re7 68. Nf4 Rg7+ 69. Kf6 Rf7+ 70. Ke5 $1 Ra7 71. f6 Ra5+ 72. Nd5 Ke8 73. g6 {[%emt 0:00:00] Quite a comeback for White. A cool game by Isilak.   Weighted Error Value: White=0.46/Black=0.39} 1-0